 Dungeon Crawl Stone Soup version 0.29-a0-512-gf59ac788ac (webtiles) character file.

Game seed: 18160746291807977856

18657 dabmancer the Eclecticist (level 12, -2/51 HPs)
             Began as a Spriggan Hedge Wizard on May 25, 2022.
             Was an Elder of Sif Muna.
             Slain by a spriggan rider
             ... wielding a +0 spear
              (22 damage)
             ... on level 1 of the Swamp on May 30, 2022.
             The game lasted 02:35:09 (28041 turns).

dabmancer the Eclecticist (Spriggan Hedge Wizard)  Turns: 28041, Time: 02:35:10

Health: -2/51      AC:  8    Str:  9    XL:     12   Next: 29%
Magic:  27/42      EV: 20    Int: 24    God:    Sif Muna [****..]
Gold:   359        SH:  5    Dex: 18    Spells: 6/43 levels left

rFire   . . .      SeeInvis +   P - +5 mace of the Beast {venom, Str+3 Dex+4}
rCold   + . .      Faith    .   (no shield)
rNeg    . . .      Spirit   .   F - +1 robe {rC+}
rPois   .          Reflect  +   c - +0 hat
rElec   .          Harm     .   m - +0 cloak
rCorr   .          Rampage  .   (gloves unavailable)
Will    ++...                   (boots unavailable)
Stlth   +++.......              y - amulet of Wihopp {Reflect Int+3 SH+5}
HPRegen 0.17/turn               V - ring of magical power
MPRegen 0.28/turn               B - +4 ring of protection

@: on blink cooldown, very quick
A: very small, no large weapons, unfitting armour, see invisible, speed 3
a: Renounce Religion, Channel Magic, Forget Spell, Divine Exegesis


You were on level 1 of the Swamp.
You worshipped Sif Muna.
Sif Muna was greatly pleased with you.
You visited 4 branches of the dungeon, and saw 15 of its levels.

You collected 1975 gold pieces.
You spent 1616 gold pieces at shops.

Inventory:

Hand Weapons
 C - a +3 quarterstaff of chaos
 N - a +2 trident of venom
 P - the +5 mace of the Beast (weapon) {venom, Str+3 Dex+4}
   (You found it on level 7 of the Dungeon)

   It poisons the flesh of those it strikes.
   Str:       It affects your strength (+3).
   Dex:       It affects your dexterity (+4).
 R - a +0 hunting sling of freezing
Missiles
 q - 296 stones
 s - 15 poisoned darts
 K - 2 curare-tipped darts
 M - 4 throwing nets
 W - 9 atropa-tipped darts
Armour
 c - a +0 hat (worn)
 m - a +0 cloak (worn)
 F - a +1 robe of cold resistance (worn)
Magical Staves
 D - a staff of cold
Jewellery
 j - a +4 ring of evasion
 y - the amulet of Wihopp (around neck) {Reflect Int+3 SH+5}
   (You bought it in a shop on level 10 of the Dungeon)

   [amulet of reflection]

   It reflects blocked missile attacks.
   Int:       It affects your intelligence (+3).
   SH:        It affects your SH (+5).
 B - a +4 ring of protection (right hand)
 H - a ring of poison resistance
 V - a ring of magical power (left hand)
 X - a ring of flight
Wands
 a - a wand of flame (10)
 b - a wand of mindburst (18)
 n - a wand of digging (5)
 I - a wand of acid (12)
 O - a wand of polymorph (6)
 Q - a wand of iceblast (11)
Scrolls
 e - 3 scrolls of enchant weapon
 g - 4 scrolls of noise
 h - 5 scrolls of teleportation
 l - 2 scrolls of immolation {unknown}
 p - 3 scrolls of fear
 v - a scroll of summoning {unknown}
 A - a scroll of poison {unknown}
 J - 2 scrolls of amnesia
 S - 2 scrolls of vulnerability
 T - a scroll of torment {unknown}
Potions
 d - 2 potions of magic
 f - 2 potions of resistance
 i - 3 potions of berserk rage
 k - a potion of lignification {unknown}
 o - a potion of haste
 r - 2 potions of brilliance
 t - a potion of ambrosia
 u - a potion of attraction {unknown}
 w - 5 potions of heal wounds
 x - 8 potions of curing
 z - a potion of invisibility {unknown}
 G - 2 potions of flight
 L - 3 potions of mutation
 Y - 3 potions of might


   Skills:
 + Level 1.0 Throwing
 + Level 5.1 Dodging
 + Level 5.4 Stealth
 + Level 16.3 Spellcasting
 + Level 6.6 Conjurations
 + Level 5.8 Hexes
 + Level 7.6 Summonings
 + Level 3.9 Necromancy
 + Level 2.6 Translocations
 + Level 2.4 Fire Magic
 + Level 0.1 Ice Magic


You had 6 spell levels left.
You knew the following spells:

 Your Spells              Type           Power      Damage    Failure   Level
a - Magic Dart            Conj           100%       1d8       1%          1
b - Blink                 Tloc           64%        N/A       1%          2
c - Call Imp              Summ           54%        N/A       1%          2
d - Necrotize             Necr           100%       1d9       1%          1
e - Call Canine Familiar  Summ           54%        N/A       1%          3
g - Vampiric Draining     Necr           38%        2d8       1%          3
h - Summon Guardian Gole  Hex/Summ       51%        N/A       1%          3
i - Mephitic Cloud        Conj/Pois/Air  30%        N/A       3%          3
j - Inner Flame           Hex/Fire       39%        N/A       1%          3
k - Foxfire               Conj/Fire      100%       2x1d9     1%          1
l - Anguish               Hex/Necr       21%        N/A       3%          4
m - Summon Small Mammal   Summ           100%       N/A       1%          1
n - Flame Wave            Conj/Fire      41%        2d9       4%          4
o - Ozocubu's Armour      Ice            20%        N/A       8%          3
p - Tukima's Dance        Hex            47%        N/A       1%          3

Your spell library contained the following spells:

 Spells                   Type           Power      Damage    Failure   Level
 Slow                     Hex            100%       N/A       1%          1
 Ensorcelled Hibernation  Hex/Ice        66%        N/A       1%          2
 Conjure Flame            Conj/Fire      41%        6-21      1%          3
 Dazzling Flash           Conj/Hex       98%        N/A       1%          3
 Fulminant Prism          Conj/Hex       24%        3d13      1%          4
 Cause Fear               Hex            23%        N/A       2%          4
 Sticky Flame             Conj/Fire      41%        2d6       4%          4
 Ignite Poison            Fire/Tmut/Pois 23%        N/A       6%          3
 Agony                    Necr           38%        N/A       16%         5
 Metabolic Englaciation   Hex/Ice        16%        N/A       22%         5
 Silence                  Hex/Air        16%        N/A       22%         5
 Simulacrum               Ice/Necr       14%        N/A       88%         6
 Monstrous Menagerie      Summ           27%        N/A       69%         7
 Summon Hydra             Summ           27%        N/A       69%         7
 Enfeeble                 Hex            23%        N/A       91%         7
 Haunt                    Necr/Summ      23%        N/A       91%         7
 Malign Gateway           Summ/Tloc      22%        N/A       96%         7
 Discord                  Hex            23%        N/A       100%        8
 Summon Horrible Things   Summ           27%        N/A       100%        8
 Dragon's Call            Summ           27%        N/A       100%        9


Dungeon Overview and Level Annotations

Branches:
Dungeon (11/15)            Temple (0/1) D:5            Lair (2/6) D:9
  Swamp (1/4) Lair:2          Orc (1/2) D:9
  Snake: Lair:2-4    Spider: Lair:2-4

Altars:
Cheibriados
Gozag
Makhleb
Nemelex Xobeh
Okawaru
Ru
Sif Muna
Trog
Vehumet
Wu Jian
Yredelemnul
Zin
The Shining One

Shops:
D:4 *   D:9 !(*:=   D:10 =:[((   Orc:1 ![[

Annotations:
Orc:1 exclusion: oklob plant


Innate Abilities, Weirdness & Mutations

You are very small and have problems with some larger weapons.
You are too small for most types of armour.
You have supernaturally acute eyesight. (SInv)
You cover ground extremely quickly. (Speed+++)


Message History

You enter the shallow water.
Moving in this stuff is going to be slow.
Casting: Foxfire (safe; 1% risk of failure)
Confirm with . or Enter, or press ? or * to list all spells.
You blink.
Splash!
You fall into the shallow water.
Moving in this stuff is going to be slow.
The alligator attacks as you move away! The alligator misses you.
You block the alligator's attack.
You feel stable enough to blink again. The alligator bites you!
You block the alligator's attack.
Casting: Blink (safe; 1% risk of failure)
Confirm with . or Enter, or press ? or * to list all spells.
You blink.
You feel stable enough to blink again.
A spriggan rider comes into view. It is wielding a +4 spear.
Found 17 stones.
The spriggan rider shouts!
A spriggan rider comes into view. It is wielding a +0 spear.
Casting: Blink (safe; 1% risk of failure)
Confirm with . or Enter, or press ? or * to list all spells.
You blink.
Splash!
You fall into the shallow water.
Moving in this stuff is going to be slow.
The spriggan rider shouts!
The spriggan rider hits you from afar with a +0 spear!
The spriggan rider barely misses you. The spriggan rider closely misses you.
The alligator misses you. The alligator tail-slaps you!
You block the spriggan rider's attack.
Casting: Blink (safe; 1% risk of failure)
Confirm with . or Enter, or press ? or * to list all spells.
You are still too unstable to blink.
You feel stable enough to blink again.
Casting: Blink (safe; 1% risk of failure)
Confirm with . or Enter, or press ? or * to list all spells.
You blink.
The spriggan rider hits you from afar with a +0 spear!!
You die...

≈§≈≈.≈≈≈..≈.≈≈..≈≈.
..≈.♣♣.≈.♣....[≈≈..≈.≈♣♣
≈≈≈♣♣♣§≈........≈≈≈...≈≈
≈≈..♣♣≈≈...≈≈≈....≈.≈..
≈≈≈9...≈.≈≈.....≈≈≈..♣
§≈≈≈≈♣..≈≈≈≈≈..≈.(≈..♣
.≈..♣♣≈≈≈≈≈≈≈≈.≈..≈≈.♣≈♣
.≈.♣♣♣.≈≈≈≈≈≈≈.≈.≈≈.....
≈..♣♣...≈≈≈≈≈≈..@....♣.
≈.♣♣♣..<.≈≈≈≈≈.it....≈≈♣
≈...♣...≈≈≈≈≈≈..i..≈.≈.≈
≈≈≈..†.≈≈≈≈≈≈.....≈≈.♣.♣
.≈≈...≈.≈≈≈≈≈.≈§...≈♣♣ ♣
....≈.....≈≈.♣♣..♣..♣
.♣≈≈.≈≈≈.♣♣♣♣♣♣♣♣♣≈..♣
.≈...§..♣♣ ♣...♣
.♣......♣ ♣.♣♣


You could see an alligator (swift) and 2 spriggan riders.

Vanquished Creatures
  Pikel (D:6)
  A cane toad (Lair:2)
  A gargoyle (D:11)
  2 komodo dragons
  A troll (D:9)
  Grinder (D:4)
  2 blink frogs (Lair:1)
  A shadow (D:9)
  2 wraiths (D:9)
  2 yaks (D:9)
  A vampire mosquito (D:10)
  Eustachio (D:4)
  A basilisk (Lair:2)
  2 swamp worms (Swamp:1)
  3 water moccasins
  Duvessa (D:7)
  4 black bears
  An ice beast (D:6)
  2 sky beasts (D:6)
  2 ogres
  4 orc warriors
  11 wolves
  A lemure (D:6)
  2 centaurs
  A kobold brigand (D:6)
  2 gnoll sergeants
  7 bullfrogs
  5 scorpions
  3 wights (D:9)
  9 killer bees
  An electric eel (D:8)
  A howler monkey (D:10)
  A crimson imp (D:3)
  Crazy Yiuf (D:5)
  2 jellies (D:4)
  3 gnoll shamans
  6 orc priests
  4 hounds
  7 iguanas
  16 orc wizards
  Robin (D:2)
  17 gnolls
  4 adders
  A white imp (D:6)
  2 ufetubi
  5 worms
  2 dart slugs (D:1)
  37 orcs
  8 endoplasms
  3 giant cockroaches
  11 hobgoblins
  5 jackals
  7 quokkas
  4 ball pythons
  2 bats
  4 frilled lizards
  13 goblins
  2 goblin zombies (D:3)
  2 hobgoblin zombies (D:3)
  13 kobolds
  2 kobold skeletons (D:3)
  An orc skeleton (D:3)
  An orc zombie (D:3)
  2 rats
268 creatures vanquished.

Vanquished Creatures (collateral kills)
  Fannar (D:10)
  A two-headed ogre (D:10)
  Maurice (D:8)
  Psyche (D:9)
  A blink frog (Lair:1)
  Sigmund (D:6)
  Edmund (D:6)
  An acid dragon (D:9)
  2 water moccasins
  A black bear (D:6)
  7 orc warriors
  2 sky beasts
  3 wolves
  A bullfrog (Lair:2)
  A hound (D:4)
  2 orc priests (Orc:1)
  Natasha (twice) (D:3)
  An iguana (Lair:2)
  4 orc wizards
  10 gnolls
  2 adders (D:6)
  A white imp (D:6)
  16 orcs
  A kobold (D:6)
  19 foxfires
83 creatures vanquished.

Vanquished Creatures (others)
  A bunyip (Swamp:1)
  A hydra (Lair:2)
  An orc knight (Orc:1)
  Joseph (D:8)
  2 dancing weapons (Orc:1)
  2 cane toads
  Prince Ribbit (D:6)
  A blink frog (Lair:1)
  A shadow (D:7)
  5 yaks
  Grum (D:10)
  A water moccasin (Lair:1)
  A swamp drake (D:9)
  3 orc warriors
  A wolf (D:10)
  2 centaurs
  A kobold brigand (D:6)
  3 wights (D:8)
  Dowan (D:7)
  5 killer bees
  An orc priest (Orc:1)
  3 orcs
  260 foxfires
  5 fungi
  41 plants
345 creatures vanquished.

Grand Total: 696 creatures vanquished

Notes
Turn   | Place    | Note
-------+----------+-------------------------------------------
     0 | D:1      | dabmancer the Spriggan Hedge Wizard began the quest for the
                  | Orb.
     0 | D:1      | Reached XP level 1. HP: 9/9 MP: 6/6
   386 | D:1      | Reached XP level 2. HP: 4/13 MP: 1/8
  1151 | D:1      | Found a faded altar of an unknown god.
  1613 | D:1      | Reached XP level 3. HP: 16/16 MP: 6/10
  1725 | D:2      | Noticed Robin
  1759 | D:1      | Reached skill level 1 in Conjurations
  1864 | D:1      | Reached skill level 5 in Spellcasting
  2503 | D:2      | Killed Robin
  3063 | D:2      | Reached XP level 4. HP: 21/21 MP: 9/12
  3090 | D:2      | Upgraded the game from 0.29-a0-477-g62b78b4225 to
                  | 0.29-a0-483-g69413ace17
  3090 | D:2      | Upgraded the game from 0.29-a0-483-g69413ace17 to
                  | 0.29-a0-495-g17b79114eb
  3913 | D:2      | Reached XP level 5. HP: 20/24 MP: 7/14
  4132 | D:2      | HP: 1/24 [gnoll/+0 flail (6)]
  4909 | D:2      | Reached skill level 6 in Spellcasting
  5900 | D:3      | Found a glowing golden altar of the Shining One.
  6082 | D:3      | Learned a level 2 spell: Blink
  6085 | D:3      | Learned a level 2 spell: Call Imp
  6556 | D:4      | Noticed Natasha
  6993 | D:2      | Upgraded the game from 0.29-a0-495-g17b79114eb to
                  | 0.29-a0-506-ga2e7fffb44
  7215 | D:3      | Killed Natasha
  7216 | D:3      | Reached XP level 6. HP: 28/28 MP: 8/16
  7220 | D:3      | Noticed Natasha
  7224 | D:3      | Killed Natasha
  7908 | D:4      | Learned a level 1 spell: Necrotize
  8090 | D:4      | Noticed Grinder
  8123 | D:4      | Paralysed by Grinder for 3 turns
  8172 | D:4      | Killed Grinder
  8173 | D:4      | Reached skill level 7 in Spellcasting
  8173 | D:4      | Reached skill level 1 in Summonings
  8173 | D:4      | Reached XP level 7. HP: 32/32 MP: 5/19
  8895 | D:4      | Noticed Eustachio
  9018 | D:4      | Killed Eustachio
  9019 | D:4      | Reached skill level 8 in Spellcasting
  9111 | D:4      | Found Komaw's General Store.
  9147 | D:4      | Bought a potion of heal wounds for 55 gold pieces
  9147 | D:4      | Bought a scroll of identify for 22 gold pieces
  9326 | D:4      | Learned a level 1 spell: Summon Small Mammal
  9489 | D:5      | Entered Level 5 of the Dungeon
  9496 | D:5      | Found a bloodstained altar of Trog.
  9507 | D:5      | Reached XP level 8. HP: 36/36 MP: 13/21
  9573 | D:5      | Found an iron altar of Okawaru.
 10531 | D:5      | Found a runed translucent door.
 10532 | D:5      | Noticed Crazy Yiuf
 10572 | D:5      | Found a staircase to the Ecumenical Temple.
 10625 | D:5      | Reached skill level 9 in Spellcasting
 10686 | D:5      | Found a shimmering blue altar of Sif Muna.
 10691 | D:5      | Became a worshipper of Sif Muna the Loreminder
 11147 | D:5      | Found a sparkling altar of Nemelex Xobeh.
 11404 | D:5      | Killed Crazy Yiuf
 11607 | D:6      | Reached skill level 1 in Necromancy
 11670 | D:6      | Found an ornate altar of the Wu Jian Council.
 11753 | D:6      | Reached skill level 5 in Conjurations
 12031 | D:6      | Reached skill level 10 in Spellcasting
 12196 | D:6      | Noticed Pikel
 12312 | D:6      | Upgraded the game from 0.29-a0-506-ga2e7fffb44 to
                  | 0.29-a0-512-gf59ac788ac
 12387 | D:6      | Killed Pikel
 12388 | D:6      | Reached XP level 9. HP: 39/39 MP: 10/24
 12674 | D:6      | Noticed Prince Ribbit
 12680 | D:6      | Learned a level 3 spell: Call Canine Familiar
 12684 | D:6      | Learned a level 3 spell: Conjure Flame
 12688 | D:6      | Learned a level 3 spell: Vampiric Draining
 12692 | D:6      | Learned a level 3 spell: Summon Guardian Golem
 12713 | D:6      | Killed Prince Ribbit
 12714 | D:6      | Reached skill level 11 in Spellcasting
 12725 | D:6      | Noticed Edmund
 12780 | D:6      | Killed Edmund
 13463 | D:6      | Noticed Sigmund
 13496 | D:6      | Killed Sigmund
 13497 | D:6      | Reached skill level 1 in Hexes
 14561 | D:6      | Found a burning altar of Makhleb.
 14771 | D:6      | Reached * piety under Sif Muna
 14921 | D:6      | Reached skill level 12 in Spellcasting
 15405 | D:7      | Reached XP level 10. HP: 44/44 MP: 20/27
 15488 | D:7      | Noticed Dowan
 15492 | D:7      | Noticed Duvessa
 15529 | D:7      | Killed Duvessa
 15551 | D:7      | Killed Dowan
 15772 | D:7      | Identified the +5 mace of the Beast {venom, Str+3 Dex+4}
 15829 | D:7      | Reached skill level 5 in Stealth
 16245 | D:8      | Noticed Joseph
 16259 | D:8      | Killed Joseph
 16433 | D:8      | Reached skill level 5 in Summonings
 16491 | D:8      | Reached skill level 13 in Spellcasting
 16829 | D:8      | Noticed Maurice
 16874 | D:8      | Killed Maurice
 17518 | D:8      | Found a sacrificial altar of Ru.
 17530 | D:8      | Got the Compendium of Malediction
 17810 | D:8      | Learned a level 3 spell: Mephitic Cloud
 17814 | D:8      | Learned a level 3 spell: Inner Flame
 17859 | D:9      | Reached ** piety under Sif Muna
 18033 | D:9      | Found Ylempiaz's Weapon Boutique.
 18041 | D:9      | Found Savid's Distillery.
 18042 | D:9      | Bought 5 atropa-tipped darts for 39 gold pieces
 18049 | D:9      | Bought a potion of curing for 45 gold pieces
 18049 | D:9      | Bought a potion of heal wounds for 75 gold pieces
 18049 | D:9      | Bought a potion of heal wounds for 75 gold pieces
 18097 | D:9      | Found Qorhuac's Book Boutique.
 18163 | D:9      | Found a snail-covered altar of Cheibriados.
 18215 | D:9      | Noticed Psyche
 18777 | D:9      | Killed Psyche
 18778 | D:9      | Reached skill level 14 in Spellcasting
 19006 | D:9      | Found a staircase to the Orcish Mines.
 19070 | D:9      | Reached XP level 11. HP: 47/47 MP: 10/30
 19467 | D:9      | Reached *** piety under Sif Muna
 19653 | D:9      | Found Nushry's Jewellery Emporium.
 19711 | D:9      | Found a basalt altar of Yredelemnul.
 19728 | D:9      | Found Xurev's Assorted Antiques.
 19894 | D:9      | Found a radiant altar of Vehumet.
 19925 | D:9      | Found a staircase to the Lair.
 20053 | Lair:1   | Entered Level 1 of the Lair of Beasts
 21510 | Orc:1    | Entered Level 1 of the Orcish Mines
 21869 | Orc:1    | Noticed an orc knight
 22084 | D:10     | Entered Level 10 of the Dungeon
 22084 | D:10     | Noticed Fannar
 22084 | D:10     | Found a glowing silver altar of Zin.
 22109 | D:10     | Noticed Grum
 22131 | D:10     | Found Zobracei's Antique Weapon Boutique.
 22148 | D:10     | Reached skill level 15 in Spellcasting
 22243 | D:10     | Found Doekhaebe's Armour Boutique.
 22249 | D:10     | Found Kagep's Book Boutique.
 22259 | D:10     | Bought a book of Flames for 360 gold pieces
 22259 | D:10     | Noticed a two-headed ogre
 22286 | D:10     | Killed a two-headed ogre
 22357 | D:10     | Reached skill level 5 in Hexes
 22408 | D:10     | Killed Grum
 22408 | D:10     | Reached **** piety under Sif Muna
 22629 | D:10     | Found Tellale's Antique Weapon Emporium.
 22635 | D:10     | Learned a level 1 spell: Foxfire
 22640 | D:10     | Learned a level 4 spell: Anguish
 22645 | D:10     | Learned a level 4 spell: Flame Wave
 22649 | D:10     | Learned a level 3 spell: Ozocubu's Armour
 23032 | D:10     | Killed Fannar
 23152 | D:10     | Reached skill level 1 in Fire Magic
 23323 | D:10     | Found Teussysch's Jewellery Shoppe.
 23361 | D:10     | Found an opulent altar of Gozag.
 23504 | D:11     | Noticed a boulder beetle
 23509 | D:11     | Reached skill level 1 in Throwing
 23509 | D:11     | Reached skill level 5 in Dodging
 24332 | Lair:2   | Found a staircase to the Swamp.
 24819 | Lair:2   | Reached XP level 12. HP: 15/51 MP: 15/32
 25289 | Lair:2   | Noticed an eight-headed hydra
 25303 | Lair:2   | Killed an eight-headed hydra
 25569 | Lair:2   | Identified 2 scrolls of acquirement
 25612 | Lair:2   | Acquired 756 gold pieces
 25613 | Lair:2   | Acquired the Guide on Beguiling and Companions
 25639 | Lair:2   | Learned a level 3 spell: Tukima's Dance
 26086 | Orc:1    | Reached skill level 16 in Spellcasting
 26746 | Orc:1    | Found Ossuch's Distillery.
 26753 | Orc:1    | Bought a potion of curing for 33 gold pieces
 26753 | Orc:1    | Bought a potion of heal wounds for 55 gold pieces
 26753 | Orc:1    | Bought a potion of curing for 33 gold pieces
 26753 | Orc:1    | Bought a potion of heal wounds for 55 gold pieces
 26757 | Orc:1    | Found a bloodstained altar of Trog.
 26958 | Orc:1    | Found Fiuw's Armour Shoppe.
 27153 | Orc:1    | Found Coham's Antique Armour Emporium.
 27253 | D:9      | Bought a potion of ambrosia for 120 gold pieces
 27623 | D:10     | Bought the amulet of Wihopp {Reflect Int+3 SH+5} for 649
                  | gold pieces
 27827 | Swamp:1  | Entered Level 1 of the Swamp
 27873 | Swamp:1  | Noticed a bunyip
 27883 | Swamp:1  | Killed a bunyip
 27999 | Swamp:1  | Noticed an alligator
 28041 | Swamp:1  | Slain by a spriggan rider

Illustrated notes

Levels and vault maps discovered:
D:1:      elethiomel_arrival_shortcut, layout_basic,
          chequers_ecumenical_altar_simple
D:2:      layout_basic, nicolae_wormholes, uniq_robin
D:3:      layout_rooms, nicolae_tso_besieged_by_evil, nrook_mini_vaults,
          minivault_14
D:4:      layout_basic, serial_shops, nicolae_shop_hallway_stairs,
          uniq_eustachio, uniq_grinder, uniq_natasha
D:5:      layout_basic, grunt_temple_overflow_bloody_war, led_sif_book,
          nemelex_diamond_rough_becter, minmay_temple_entry_butterflies,
          serial_bayou_lagoon_a, uniq_crazy_yiuf_cottage
D:6:      minmay_inner_zag, layout_loops_cross, nicolae_wu_jian_wuxing_cycle,
          lemuel_tele_altar, uniq_pikel, uniq_edmund, uniq_prince_ribbit1,
          uniq_sigmund
D:7:      layout_rooms, uniq_duvessa
D:8:      layout_cave_pools, kennysheep_mini, kennysheep_big_empty_room,
          serial_bayou_pond_d, uniq_maurice, uniq_joseph
D:9:      layout_cave_pools, slow_altar_1, marbit_many_paths,
          vehumet_altar_wand_db, david_lair_shrubbed, erik_orc_1, serial_shops,
          shop, nicolae_diamond_shop, nicolae_shop_hallway_stairs,
          nicolae_shop_crystal, nicolae_shop_hallway_stairs, uniq_psyche
D:10:     layout_basic, overflow_temple_1_default,
          nicolae_overflow_crystal_walls, serial_shops, shop,
          nicolae_shop_trees, shop, shop_fountains,
          nicolae_shop_overgrown_old_shop, glass_columns_b, st_stairs_2,
          uniq_fannar, uniq_grum
D:11:     layout_rooms, serial_co_window_serial, co_window_corner_a,
          co_window_paths_a, co_window_of_opportunity_a, co_window_paths_b,
          co_window_paths_a, co_window_broadway_a, co_window_broadway_a,
          co_window_corner_b, glass_columns_a, glass_columns_a, glass_columns_a
Lair:1:   layout_regular_city
Lair:2:   layout_roguey, minmay_swamp_entry_reptiles
Swamp:1:  layout_falls_marsh, serial_swamp_ruin, hangedman_swamp_ruin_hall,
          evilmike_swamp_ruin_rubble_1, evilmike_swamp_ruin_wall, swamp_pool1,
          infiniplex_staircase_pool, uniq_josephine
Orc:1:    layout_caves, serial_shops, nicolae_diamond_shop,
          nicolae_shop_hallway_plus, nicolae_shop_hallway_stairs, basic_altar,
          nicolae_orc_pool_cavern, nicolae_orc_flooded_monolith, mines3_lemuel

Skill      XL: |  1  2  3  4  5  6  7  8  9 10 11 12 |
---------------+-------------------------------------+-----
Dodging        | 3 4 5 |  5.1
Conjurations   | 1 2 3 4 5 6 |  6.6
Spellcasting   | 5 6 7 8 10 12 14 15 16 | 16.3
Summonings     | 1 2 4 6 7 |  7.6
Translocations | 2 |  2.6
Stealth        | 4 5 |  5.4
Necromancy     | 1 2 3 |  3.9
Hexes          | 1 3 5 |  5.8
Fire Magic     | 1 2 |  2.4
Throwing       | 1 |  1.0
Ice Magic      | |  0.1

Action                   |  1- 3 |  4- 6 |  7- 9 | 10-12 || total
-------------------------+-------+-------+-------+-------++-------
Melee: Dagger            |    15 |     1 |     9 |       ||    25
       Punch             |     1 |       |       |       ||     1
       Mace              |       |       |       |    16 ||    16
 Fire: Hunting sling     |       |       |       |     7 ||     7
Throw: Dart              |       |       |       |    17 ||    17
       Stone             |       |       |       |     4 ||     4
       Throwing net      |       |       |       |     1 ||     1
 Cast: Magic Dart        |   118 |   290 |   397 |   270 ||  1075
       Call Imp          |       |     6 |    29 |    35 ||    70
       Necrotize         |       |     2 |    20 |    54 ||    76
       Blink             |       |       |     3 |     8 ||    11
       Summon Guardian G |       |       |    24 |    69 ||    93
       Call Canine Famil |       |       |    23 |    72 ||    95
       Summon Small Mamm |       |       |    11 |    54 ||    65
       Vampiric Draining |       |       |     2 |    23 ||    25
       Inner Flame       |       |       |       |    34 ||    34
       Mephitic Cloud    |       |       |       |     2 ||     2
       Conjure Flame     |       |       |       |     1 ||     1
       Foxfire           |       |       |       |   159 ||   159
       Flame Wave        |       |       |       |     8 ||     8
       Anguish           |       |       |       |     9 ||     9
       Ozocubu's Armour  |       |       |       |     1 ||     1
       Tukima's Dance    |       |       |       |     5 ||     5
Invok: Forget Spell      |       |       |       |     1 ||     1
Evoke: Wand              |       |       |       |     3 ||     3
  Use: Scroll            |       |       |     8 |     7 ||    15
       Potion            |       |       |       |     1 ||     1
Armor: Robe              |     3 |     6 |     9 |    14 ||    32
       Skin              |       |       |       |     1 ||     1
Dodge: Dodged            |    29 |    54 |    92 |   247 ||   422
Block: Other             |       |       |       |     3 ||     3

Table legend: (Time is in decaauts)
 A = Elapsed time spent in this place.
 B = Non-inter-level travel time spent in this place.
 C = Inter-level travel time spent in this place.
 D = Time resting spent in this place.
 E = Time spent auto-exploring this place.
 F = Levels seen in this place.
 G = Mean time per level.
                   A        B        C        D        E       F      G
               +--------+--------+--------+--------+--------+-----+--------+
         Total |  23452 |  22413 |   1039 |   6846 |  10891 |  15 | 1563.5 |
       Dungeon |  19759 |  18827 |    932 |   5941 |   8942 |  11 | 1796.3 |
          Lair |   2274 |   2198 |     76 |    554 |   1234 |   2 | 1137.0 |
         Swamp |    191 |    191 |      0 |    101 |     26 |   1 |  191.0 |
  Orcish Mines |   1226 |   1196 |     30 |    249 |    687 |   1 | 1226.0 |
               +--------+--------+--------+--------+--------+-----+--------+

Top non-repeatable levels by time:
     D:9: 3049 daAuts
     D:6: 2978 daAuts
     D:2: 2808 daAuts
     D:1: 2124 daAuts
     D:4: 1625 daAuts
     D:5: 1607 daAuts
     D:3: 1583 daAuts
     D:7: 1369 daAuts
     D:8: 1313 daAuts
    D:10: 1290 daAuts
  Lair:1: 1273 daAuts
   Orc:1: 1226 daAuts
  Lair:2: 1000 daAuts
 Swamp:1: 191 daAuts
    D:11: 11 daAuts
